 Dungeon Crawl Stone Soup version 0.29.1-1-gd02db6906a (webtiles) character file.

Game seed: 15179223392930866962

97 Doomgape the Cudgeller (level 4, -1/41 HPs)
             Began as a Troll Gladiator on Sept 20, 2022.
             Slain by a kobold brigand
             ... wielding a +0 short sword
              (6 damage)
             ... in a sewer.
             The game lasted 00:04:51 (1771 turns).

Doomgape the Cudgeller (Troll Gladiator)            Turns: 1771, Time: 00:04:51

Health: -1/41      AC:  5    Str: 24    XL:     4   Next: 42%
Magic:  3/3        EV: 10    Int:  4    God:
Gold:   145        SH:  0    Dex: 11    Spells: 3/3 levels left

rFire   . . .      SeeInvis .   a - +0 flail
rCold   . . .      Faith    .   (no shield)
rNeg    . . .      Spirit   .   b - +0 robe
rPois   .          Reflect  .   c - +1 hat
rElec   .          Harm     .   (no cloak)
rCorr   .          Rampage  .   (gloves unavailable)
Will    .....                   (boots unavailable)
Stlth   +.........              (no amulet)
HPRegen 0.93/turn               (no ring)
MPRegen 0.08/turn               (no ring)

@: lethally poisoned (-1 -> -6), slowed, very slow
A: large, unfitting armour, claws 3, regeneration 1, shaggy fur 1, tough skin 1
a: no special abilities


You were in a sewer.
You visited 1 branch of the dungeon, and saw 3 of its levels.
You also visited: Sewer.

You collected 145 gold pieces.

Inventory:

Hand Weapons
 a - a +0 flail (weapon)
Missiles
 d - 3 throwing nets (quivered)
 e - a large rock
Armour
 b - a +0 robe (worn)
 c - a +1 hat (worn)
Wands
 m - a wand of roots (1)
Scrolls
 j - a scroll of enchant weapon {unknown}
 k - a scroll of magic mapping {unknown}
 l - a scroll of teleportation {unknown}
 n - a scroll of identify
Potions
 f - a potion of heal wounds {unknown}
 g - 2 potions of curing
 h - a potion of ambrosia {unknown}
 i - a potion of berserk rage {unknown}


   Skills:
 - Level 1.5 Fighting
 + Level 4.8 Maces & Flails
 - Level 1.7 Throwing
 - Level 2.4 Dodging


You had 3 spell levels left.
You didn't know any spells.
Your spell library contained the following spells:

 Spells                   Type           Power      Damage    Failure   Level
 Ensorcelled Hibernation  Hex/Ice        0%         N/A       65%         2
 Spider Form              Tmut/Pois      0%         N/A       86%         3
 Anguish                  Hex/Necr       0%         N/A       99%         4


Dungeon Overview and Level Annotations

Branches:
Dungeon (3/15)              Sewer (1/1)

Altars:

Shops:
D:1 (?=!


Innate Abilities, Weirdness & Mutations

You are too large for most types of armour.
You have claws for hands.
Your natural rate of healing is unusually fast.
You are covered in fur. (AC +1)
You have tough skin. (AC +1)


Message History

2 kobold brigands come into view.
A kobold brigand is wielding a +0 whip and quivering curare-tipped darts.
A kobold brigand is wielding a +0 short sword and quivering curare-tipped darts.
The kobold brigand shouts! x2
The kobold brigand throws a curare-tipped dart.
The curare-tipped dart hits you.
You are poisoned.
You have difficulty breathing.
You feel yourself slow down.
Found a scroll of identify and a viscous black potion.
You close the door.
You feel very sick.
A kobold brigand breaks down the door.
Aiming: Fastroot
Press: ? - help, Shift-Dir - straight line The roots erupt in riotous growth!
Roots grab the kobold brigand. x2
The grasping roots constrict the kobold brigand.
The grasping roots constrict the kobold brigand!
You feel very sick.
You hear an angry hiss.
The kobold brigand struggles to escape constriction.
The kobold brigand throws a curare-tipped dart.
The curare-tipped dart hits you.
You are more poisoned.
You have difficulty breathing.
You feel as though you will be slow longer.
The grasping roots constrict the kobold brigand! x2
You feel extremely sick.
The roots release their grip on the kobold brigand. x2
The kobold brigand hits you with a +0 whip!
* * * LOW HITPOINT WARNING * * *
The kobold brigand completely misses you.
There is a broken door, spattered with blood here.
You hit the kobold brigand.
The kobold brigand is severely wounded.
* * * LOW HITPOINT WARNING * * *
You feel extremely sick.
A ball python comes into view.
The kobold brigand barely misses you.
The kobold brigand hits you with a +0 short sword.
You die...

##....~~~≈≈≈≈
##...~~≈≈≈≈≈
#...~≈≈≈≈≈≈
##...~~≈≈≈≈≈
#....~~≈≈≈≈≈
#....~~≈≈≈≈≈
##...~≈≈≈≈≈≈
#...~≈≈≈≈S≈
###@####≈#≈
#.KK..# ≈
#.....#
##...## .....
#!.#.?# ###
### ≈≈≈ ≈≈≈


You could see 2 kobold brigands and a ball python (wandering).

Vanquished Creatures
  An adder (D:2)
  2 river rats
  3 worms
  An orc (D:2)
  An endoplasm (D:2)
  5 giant cockroaches
  7 goblins
  A hobgoblin (D:1)
  8 jackals
  8 kobolds
  3 quokkas
  2 ball pythons
  4 bats
  11 rats
57 creatures vanquished.

Vanquished Creatures (others)
  A plant (D:2)
1 creature vanquished.

Grand Total: 58 creatures vanquished

Notes
Turn   | Place    | Note
-------+----------+-------------------------------------------
     0 | D:1      | Doomgape the Troll Gladiator began the quest for the Orb.
     0 | D:1      | Reached XP level 1. HP: 19/19 MP: 0/0
    10 | D:1      | Found Athajoes's Weapon Emporium.
    60 | D:1      | Found Wedid's Magic Scroll Emporium.
    73 | D:1      | Reached skill level 3 in Maces & Flails
   122 | D:1      | Found Bonlum Osyxt's Jewellery Shop.
   130 | D:1      | Found Uroinel's Distillery.
   137 | D:1      | Reached XP level 2. HP: 25/27 MP: 1/1
   875 | D:2      | Reached XP level 3. HP: 22/33 MP: 2/2
   924 | D:2      | Reached skill level 4 in Maces & Flails
  1652 | D:3      | Reached XP level 4. HP: 37/41 MP: 3/3
  1691 | D:3      | Found a glowing drain.
  1716 | Sewer    | Entered a sewer
  1767 | Sewer    | Noticed a kobold brigand
  1767 | Sewer    | Noticed a kobold brigand
  1771 | Sewer    | Slain by a kobold brigand

Illustrated notes

Levels and vault maps discovered:
D:1:      minmay_arrival_five_plusses, layout_basic, serial_shops, shop, shop,
          nicolae_square_shop, shop, minmay_rat_gold_closets
D:2:      layout_loops_ring, serial_forest, infiniplex_forest_straight_5,
          infiniplex_forest_lined_3, infiniplex_forest_straight_2,
          infiniplex_forest_corner_1, infiniplex_forest_lined_corner,
          infiniplex_forest_straight_1, corexii_shack, serial_bayou_ford_a
D:3:      layout_loops_corners, grunt_temple_overflow_cloverleaf,
          gup_sewer_entry_bubbles
Sewer:    sewer_minmay_treatment

Skill      XL: |  1  2  3 |
---------------+----------+-----
Maces & Flails | 3 4 |  4.8
Fighting       | |  1.5
Throwing       | |  1.7
Dodging        | |  2.4

Action                   |  1- 3 |  4- 6 || total
-------------------------+-------+-------++-------
Melee: Flail             |   152 |    25 ||   177
Evoke: Wand              |       |     1 ||     1
  Use: Scroll            |     3 |       ||     3
 Stab: Sleeping          |     4 |       ||     4
Armor: Robe              |    66 |     2 ||    68
Dodge: Dodged            |    88 |     8 ||    96
